 Dungeon Crawl Stone Soup version 0.30-a0-743-gbfdf073431 (webtiles) character file.

Game seed: 2154268336405490534

68810 cforsyth the Convoker (level 15, 0/100 HPs)
             Began as a Tengu Summoner on Feb 8, 2023.
             Was an Initiate of Gozag.
             Shot with a bolt by an orc warrior (11 damage)
             ... while paralysed by an ogre mage
             ... on level 2 of the Orcish Mines.
             The game lasted 01:18:12 (27315 turns).

cforsyth the Convoker (Tengu Summoner)             Turns: 27315, Time: 01:18:13

Health: 0/100      AC: 10    Str:  9    XL:     15   Next: 27%
Magic:  32/32      EV:  2    Int: 27    God:    Gozag
Gold:   1431       SH:  0    Dex: 16    Spells: 21/38 levels left

rFire   . . .      SeeInvis +    L - +7 trident of True Grit {pain, Will+ rCorr}
rCold   + + +      Faith    .    (no shield)
rNeg    + . .      Spirit   .    U - +2 robe {rN+}
rPois   +          Reflect  .    x - +2 hat
rElec   .          Harm     .    y - +0 cloak of Fedhas, Sheltering {+Inv rC+++ SInv}
rCorr   +          Rampage  .    f - +2 pair of gloves
Will    ++...                    (boots unavailable)
Stlth   ++                       v - amulet of regeneration
HPRegen 1.16/turn                g - +6 ring of intelligence
MPRegen 0.23/turn                P - ring of poison resistance

@: paralysed, flying quickly and evasively, quick
A: beak, talons 3, nimble flight
a: Renounce Religion, Evoke Invisibility, Potion Petition, Call Merchant, Bribe
Branch


You were on level 2 of the Orcish Mines.
You worshipped Gozag.
Gozag was most pleased with you.
You visited 4 branches of the dungeon, and saw 21 of its levels.

You collected 5644 gold pieces.
You paid 4213 gold pieces to Gozag.

Inventory:

Hand Weapons
 L - the +7 trident of True Grit (weapon) {pain, Will+ rCorr}
   (You found it on level 11 of the Dungeon)

   rCorr:     It protects you from acid and corrosion.
   Will:      It increases your willpower.
Armour
 f - a +2 pair of gloves (worn)
 x - a +2 hat (worn)
 y - the +0 cloak of Fedhas, Sheltering (worn) {+Inv rC+++ SInv}
   (You found it on level 7 of the Dungeon)

   rC:        It renders you almost immune to cold.
   SInv:      It lets you see invisible.
   +Inv:      It lets you turn invisible.
 U - a +2 robe of positive energy (worn)
Jewellery
 g - a +6 ring of intelligence (left hand)
 v - an amulet of regeneration (around neck)
 F - a ring of positive energy
 P - a ring of poison resistance (right hand)
 Q - a ring of see invisible
 R - a ring of fire
 T - a ring of wizardry
Wands
 d - a wand of flame (15)
 o - a wand of roots (13)
 t - a wand of mindburst (13)
 A - a wand of polymorph (8)
 D - a wand of digging (6)
 J - a wand of light (15)
Scrolls
 c - a scroll of fear
 i - 8 scrolls of immolation
 j - 3 scrolls of torment
 k - 3 scrolls of poison
 m - 3 scrolls of vulnerability
 n - 15 scrolls of teleportation
 r - 3 scrolls of blinking
 u - 5 scrolls of amnesia
 B - 2 scrolls of magic mapping
 H - 3 scrolls of butterflies
 I - 2 scrolls of fog
 K - 2 scrolls of enchant armour
 M - a scroll of acquirement
 O - a scroll of silence
Potions
 b - 2 potions of magic
 e - 2 potions of berserk rage
 h - 5 potions of brilliance
 l - 6 potions of mutation
 q - 4 potions of heal wounds
 s - 3 potions of attraction
 w - 6 potions of resistance
 z - 7 potions of curing
 C - a potion of haste
 E - 2 potions of invisibility
 G - 2 potions of ambrosia
 N - a potion of cancellation
 S - 3 potions of might


   Skills:
 + Level 13.7 Fighting
 + Level 15.0 Dodging
 - Level 2.0 Stealth
 - Level 12.2 Spellcasting
 - Level 16.0 Summonings
 - Level 5.0 Air Magic


You had 21 spell levels left.
You knew the following spells:

 Your Spells              Type           Power      Damage    Failure   Level
a - Summon Small Mammal   Summ           100%       N/A       0%          1
b - Call Imp              Summ           80%        N/A       0%          2
c - Call Canine Familiar  Summ           80%        N/A       0%          3
d - Summon Guardian Gole  Hex/Summ       56%        N/A       1%          3
e - Summon Lightning Spi  Summ/Air       65%        N/A       1%          4
i - Airstrike             Air            21%        2d(4-20)  4%          4

Your spell library contained the following spells:

 Spells                   Type           Power      Damage    Failure   Level
 Blink                    Tloc           32%        N/A       5%          2
 Lesser Beckoning         Tloc           32%        N/A       5%          2
 Momentum Strike          Conj/Tloc      32%        3d8       5%          2
 Portal Projectile        Hex/Tloc       32%        N/A       11%         3
 Tukima's Dance           Hex            16%        N/A       11%         3
 Anguish                  Hex/Necr       8%         N/A       34%         4
 Lightning Bolt           Conj/Air       14%        1d28      34%         5
 Blade Hands              Tmut           8%         N/A       67%         5
 Enfeeble                 Hex            8%         N/A       100%        7


Dungeon Overview and Level Annotations

Branches:
Dungeon (13/15)            Temple (1/1) D:7            Lair (5/5) D:9
  Swamp (0/4) Lair:3       Spider (0/4) Lair:3        Slime (0/5) Lair:4
    Orc (2/2) D:10
    Elf: Orc:2       Vaults: D:13-14

Altars:
Ashenzari
Cheibriados
Dithmenos
Fedhas
Gozag
Hepliaklqana
Kikubaaqudgha
Okawaru
Qazlal
Ru
Sif Muna
Trog
Uskayaw
Vehumet
Xom
Yredelemnul
Zin
The Shining One
Jiyva

Shops:
D:4 (   D:9 *   Lair:1 =[*(=

Annotations:
D:12 2 runed translucent doors


Innate Abilities, Weirdness & Mutations

You have a beak for a mouth.
You have claws for feet.
Your magical nature lets you fly swiftly and evasively.


Message History

Your warg bites the two-headed ogre!
The two-headed ogre hits your guardian golem with a +0 giant club!
Flame seeps out of your guardian golem.
The two-headed ogre hits your guardian golem with a +0 dire flail of venom!!
Your guardian golem disappears in a puff of smoke!
Your guardian golem explodes!
The fiery explosion engulfs the two-headed ogre!!
Your warg bites the two-headed ogre!
Your warg bites the two-headed ogre!
The two-headed ogre dies!
You start resting.
Magic restored.
You start waiting.
You start waiting.
You swap places.
There is a stone staircase leading down here.
Things that are here:
a +0 chain mail; a +2 war axe You now have 1431 gold pieces (gained 19).
Items here: ))) [.
You swap places.
Items here: ))) [.
There is a stone staircase leading down here.
Things that are here:
a +0 chain mail; a +2 war axe You fly downwards.
Your summoned ally is left behind.
The orc warrior unwields a +0 battleaxe.
The orc warrior wields a +0 arbalest.
The orc warrior shoots a bolt.
The bolt completely misses you.
The ogre mage points at you and mumbles some strange words.
You suddenly lose the ability to move!
The orc warrior shoots a bolt.
The bolt hits you!
The two-headed ogre hits you with a +0 giant spiked club!! x2
The orc warrior shoots a bolt.
The bolt hits you.
The two-headed ogre hits you with a +0 giant spiked club!
The two-headed ogre hits you with a +0 giant spiked club!!
* * * LOW HITPOINT WARNING * * *
The orc warrior shoots a bolt.
The bolt hits you!
You die...
Your body crumbles into a pile of gold.

.#####......## ##.#.##.##
..............# #........#
.88888888....####..#....##
.8888.888...$.##..##..###
...............##.......##
$
o....8....#..o.##...#....#
.....8.....##.##.....#..##
o..........$#.#...#....##
8888}888..#O@.........# ##
888.888..............##.##
.........Oo..............##
.##...........#...........#
##...$o$...####.#........
##....$..######.........
..$.$.....#.####........
...$.........#.........#
...........#.........#


You could see a two-headed ogre, an ogre mage, 2 orc warriors and an orc.

Vanquished Creatures
  An orc sorcerer (Orc:1)
  A slime creature (D:12)
  A cane toad (Lair:3)
  A komodo dragon (Lair:5)
  A blink frog (Lair:1)
  2 yaks (Lair:1)
  A black bear (D:9)
  3 wolves (Lair:4)
  A centaur (D:12)
  3 bullfrogs
  A necrophage (D:7)
  A scorpion (D:4)
  An adder (D:2)
  4 orcs
  A bat (D:2)
  An endoplasm (D:1)
  A giant cockroach (D:2)
  A hobgoblin (D:1)
  2 jackals (D:1)
  A quokka (D:1)
  A kobold zombie (D:5)
30 creatures vanquished.

Vanquished Creatures (collateral kills)
  A stone giant (D:11)
  A centaur warrior (D:12)
  A merfolk avatar (Lair:5)
  3 boulder beetles
  5 two-headed ogres
  2 tengu warriors
  Sonja (Lair:5)
  2 bog bodies (Lair:3)
  4 lindwurms (Lair:3)
  A harpy (Lair:5)
  An orc knight (Orc:1)
  A manticore (Lair:5)
  3 cyclopes
  An ugly thing (D:12)
  10 elephants
  A black mamba (Lair:4)
  3 slime creatures
  2 cane toads
  A rime drake (Lair:5)
  Psyche (D:9)
  A kobold demonologist (D:11)
  2 unseen horrors
  12 komodo dragons
  A polar bear (Lair:5)
  4 trolls
  2 wind drakes (Lair:5)
  The ghost of jimonade the Insei, an amateur DjTm (D:6)
  10 blink frogs
  A shadow (D:11)
  A vampire (D:11)
  3 wyverns
  36 yaks
  A basilisk (Lair:3)
  3 fire bats (Lair:3)
  A hog (Lair:5)
  7 wraiths
  A steam dragon (D:6)
  8 vampire mosquitoes
  2 acid dragons
  12 water moccasins
  2 ice beasts (D:6)
  2 black bears (D:9)
  5 ogres
  7 orc warriors
  10 wolves
  5 centaurs
  3 phantoms
  5 bullfrogs
  A gnoll sergeant (D:7)
  3 scorpions
  3 wights
  6 killer bees
  8 howler monkeys
  6 electric eels
  4 hounds
  5 jellies
  A quasit (D:5)
  8 orc priests
  Natasha (thrice) (D:2)
  2 iguanas
  11 orc wizards
  7 adders
  7 gnolls
  2 shadow imps
  A white imp (D:5)
  2 dart slugs (D:3)
  51 orcs
  3 bats
  7 endoplasms
  3 giant cockroaches
  14 goblins
  11 hobgoblins
  3 jackals
  A quokka (D:3)
  9 ball pythons
  4 frilled lizards
  A goblin skeleton (D:5)
  2 goblin zombies (D:5)
  2 hobgoblin zombies (D:5)
  8 kobolds
  2 kobold zombies (D:5)
  2 orc skeletons (D:5)
  3 orc zombies (D:5)
  7 rats
406 creatures vanquished.

Vanquished Creatures (others)
  Rupert (Lair:5)
  A sphinx (D:12)
  Kirke (Lair:5)
  A broodmother (shapeshifter) (D:11)
  The ghost of ShnitzelX3 the Geomancer, a journeyman VSCK of Xom (Lair:5)
  2 centaur warriors (D:12)
  6 two-headed ogres
  A deep troll earth mage (D:12)
  Amaemon (D:9)
  A lindwurm (Lair:3)
  2 manticores
  An ugly thing (D:12)
  2 cyclopes (D:11)
  4 elephants
  2 black mambas
  A gargoyle (D:12)
  An orange demon (D:9)
  3 cane toads
  A kobold demonologist (D:11)
  4 komodo dragons
  A troll (Orc:1)
  A meliai (D:11)
  A hornet (Lair:5)
  A blink frog (Lair:1)
  A polar bear (Lair:5)
  A centaur simulacrum (D:12)
  13 yaks
  A shadow (D:11)
  4 hogs (Lair:5)
  A wyvern (Lair:5)
  A steam dragon (D:10)
  A wraith (D:11)
  4 vampire mosquitoes (D:11)
  An acid dragon (D:11)
  3 water moccasins
  An orc warrior (D:10)
  3 wolves (Lair:2)
  3 ogres
  2 centaurs
  A bullfrog (Lair:3)
  5 wights
  A howler monkey (D:11)
  2 orc priests
  An iguana (D:5)
  An orc wizard (D:5)
  2 orcs (D:10)
  41 fungi
  51 plants
186 creatures vanquished.

Grand Total: 622 creatures vanquished

Notes
Turn   | Place    | Note
-------+----------+-------------------------------------------
     0 | D:1      | cforsyth the Tengu Summoner began the quest for the Orb.
     0 | D:1      | Reached XP level 1. HP: 10/10 MP: 4/4
    69 | D:1      | Reached skill level 5 in Summonings
    82 | D:1      | Reached XP level 2. HP: 15/15 MP: 1/6
    85 | D:1      | Learned a level 2 spell: Call Imp
   501 | D:1      | Reached XP level 3. HP: 6/19 MP: 2/7
   545 | D:1      | Learned a level 3 spell: Call Canine Familiar
  1703 | D:2      | Noticed Natasha
  1720 | D:2      | Killed Natasha
  1721 | D:2      | Reached skill level 6 in Summonings
  1721 | D:2      | Reached XP level 4. HP: 7/24 MP: 0/9
  1812 | D:2      | Learned a level 3 spell: Summon Guardian Golem
  2092 | D:2      | Noticed Natasha
  2099 | D:2      | Killed Natasha
  2176 | D:2      | Gained mutation: Your magical nature lets you fly swiftly
                  | and evasively. [Tengu growth]
  2176 | D:2      | Reached XP level 5. HP: 28/28 MP: 11/11
  2428 | D:2      | Noticed Natasha
  2468 | D:2      | Killed Natasha
  2923 | D:3      | Found a stormy altar of Qazlal.
  3006 | D:3      | Reached XP level 6. HP: 32/32 MP: 9/13
  3072 | D:3      | Learned a level 4 spell: Summon Lightning Spire
  3231 | D:3      | Reached skill level 7 in Summonings
  3240 | D:3      | Reached skill level 1 in Air Magic
  4680 | D:4      | Found Zubbisam's Antique Weapon Emporium.
  4727 | D:5      | Entered Level 5 of the Dungeon
  4739 | D:4      | Reached XP level 7. HP: 28/36 MP: 6/15
  4841 | D:5      | Reached skill level 5 in Spellcasting
  5024 | D:5      | Reached skill level 8 in Summonings
  5083 | D:5      | Found a glowing silver altar of Zin.
  5317 | D:5      | Found a glowing golden altar of the Shining One.
  5602 | D:6      | Reached XP level 8. HP: 10/41 MP: 4/17
  5704 | D:6      | Reached skill level 5 in Air Magic
  5875 | D:6      | Reached skill level 9 in Summonings
  6759 | D:6      | Found a runed translucent door.
  6764 | D:6      | Noticed jimonade's ghost (amateur DjTm)
  6858 | D:6      | Reached skill level 10 in Summonings
  6932 | D:6      | Reached XP level 9. HP: 45/45 MP: 20/20
  6944 | D:6      | Learned a level 4 spell: Airstrike
  7188 | D:6      | Killed jimonade's ghost
  7631 | D:7      | Identified the +0 cloak of Fedhas, Sheltering {+Inv rC+++
                  | SInv}
  7930 | D:7      | Found a staircase to the Ecumenical Temple.
  7977 | Temple   | Entered the Ecumenical Temple
  7984 | Temple   | Became a worshipper of Gozag Ym Sagoz the Greedy
  8087 | D:7      | Found a blossoming altar of Fedhas.
  8242 | D:8      | Reached skill level 11 in Summonings
  8504 | D:8      | Found a snail-covered altar of Cheibriados.
  8505 | D:8      | Found a hide-covered altar of Uskayaw.
  8509 | D:8      | Noticed a two-headed ogre
  8516 | D:8      | Killed a two-headed ogre
  9046 | D:8      | Reached skill level 12 in Summonings
  9046 | D:8      | Reached XP level 10. HP: 38/50 MP: 18/23
  9225 | D:9      | Noticed Psyche
  9308 | D:9      | Found Dimi's Elemental Accessories.
  9323 | D:9      | Found a staircase to the Lair.
  9353 | D:9      | Killed Psyche
  9354 | D:9      | Reached skill level 13 in Summonings
  9469 | D:9      | Noticed Amaemon
  9474 | D:9      | Noticed an orange demon
  9488 | D:9      | Killed Amaemon
  9488 | D:9      | Killed an orange demon
  9489 | D:9      | Reached skill level 10 in Spellcasting
  9939 | D:10     | Entered Level 10 of the Dungeon
  9939 | D:10     | Found a radiant altar of Vehumet.
 10146 | D:10     | Reached skill level 14 in Summonings
 10225 | D:10     | Reached XP level 11. HP: 54/54 MP: 9/26
 10502 | D:10     | Found a staircase to the Orcish Mines.
 10608 | D:10     | Noticed a two-headed ogre
 10616 | D:10     | Killed a two-headed ogre
 10691 | D:10     | Noticed a two-headed ogre
 10716 | D:10     | Killed a two-headed ogre
 10801 | D:10     | Reached skill level 15 in Summonings
 10961 | D:10     | Found a broken altar of Ashenzari.
 10965 | D:10     | Saw a vision of the Swamp and the Spider Nest.
 10965 | D:10     | Noticed a seven-headed hydra
 10965 | D:10     | Noticed a wolf spider
 10966 | D:10     | Noticed a pharaoh ant
 10966 | D:10     | Noticed an entropy weaver
 10967 | D:10     | Noticed a ghost crab
 11467 | D:10     | Noticed a two-headed ogre
 11490 | D:10     | Killed a two-headed ogre
 11905 | D:11     | Noticed a sun demon
 11910 | D:11     | Noticed a two-headed ogre
 11926 | D:11     | Killed a two-headed ogre
 12334 | D:11     | Reached skill level 16 in Summonings
 12334 | D:11     | Reached XP level 12. HP: 59/59 MP: 10/29
 12348 | D:11     | Reached skill level 1 in Fighting
 13115 | D:11     | Noticed a two-headed ogre
 13119 | D:11     | Killed a two-headed ogre
 13120 | D:11     | Reached skill level 5 in Dodging
 13355 | D:11     | Identified the +7 trident of True Grit {pain, Will+ rCorr}
 13409 | D:11     | Reached skill level 5 in Fighting
 13410 | D:11     | Noticed a stone giant
 13415 | D:11     | Noticed a tengu warrior
 13419 | D:11     | Killed a stone giant
 13430 | D:11     | Killed a tengu warrior
 13645 | D:11     | Noticed a satyr
 13646 | D:11     | a satyr changed into a great orb of eyes
 13646 | D:11     | Noticed a great orb of eyes (glowing shapeshifter)
 13647 | D:11     | a great orb of eyes changed into a jorogumo
 13647 | D:11     | Noticed a jorogumo (glowing shapeshifter)
 13649 | D:11     | a jorogumo changed into an anaconda
 13649 | D:11     | Noticed an anaconda (glowing shapeshifter)
 13651 | D:11     | an anaconda changed into a broodmother
 13651 | D:11     | Noticed a broodmother (glowing shapeshifter)
 13652 | D:11     | a broodmother changed into a wolf spider
 13653 | D:11     | a wolf spider changed into a satyr
 13653 | D:11     | Noticed a satyr (glowing shapeshifter)
 13654 | D:11     | a satyr changed into a broodmother
 13654 | D:11     | Noticed a broodmother (glowing shapeshifter)
 13662 | D:11     | Killed a broodmother
 14555 | D:12     | Reached XP level 13. HP: 76/76 MP: 23/30
 15068 | D:12     | Found a runed translucent door.
 15155 | D:12     | Noticed a sphinx
 15388 | D:12     | Found a runed translucent door.
 15892 | D:12     | Killed a sphinx
 15893 | D:12     | Reached skill level 10 in Dodging
 16234 | D:12     | Noticed a fire giant
 16234 | D:12     | Noticed a tengu reaver
 16234 | D:12     | Noticed an ettin
 16235 | D:12     | Identified the +6 hand axe of the Pillar {flame, rPois rF+
                  | Will- rCorr}
 16528 | Lair:1   | Entered Level 1 of the Lair of Beasts
 17206 | Lair:1   | Identified the +1 great sword "Cusaph" {freeze, *Slow Int+2
                  | Stlth+}
 17558 | Lair:2   | Reached skill level 10 in Fighting
 18843 | Lair:3   | Found a hole to the Spider Nest.
 18892 | Lair:3   | Found a staircase to the Swamp.
 18898 | Lair:3   | Reached XP level 14. HP: 84/88 MP: 24/31
 20482 | Lair:3   | Identified a scroll of acquirement
 21822 | Lair:4   | Identified the +2 chain mail of Nihilism {rPois}
 21940 | Lair:4   | Found a staircase to the Slime Pits.
 21941 | Lair:4   | Found a viscous altar of Jiyva.
 22777 | Lair:5   | Entered Level 5 of the Lair of Beasts
 22951 | Lair:5   | Noticed Rupert
 22981 | Lair:5   | Killed Rupert
 23821 | Lair:5   | Found a runed translucent door.
 23822 | Lair:5   | Found a shimmering altar of Xom.
 23822 | Lair:5   | Noticed ShnitzelX3's ghost (journeyman VSCK)
 23846 | Lair:5   | Reached XP level 15. HP: 98/98 MP: 26/32
 24172 | Lair:5   | Noticed Kirke
 24205 | Lair:5   | Killed Kirke
 24350 | Lair:5   | Noticed Sonja
 24358 | Lair:5   | Killed Sonja
 24726 | Lair:5   | Killed ShnitzelX3's ghost
 25646 | Orc:1    | Entered Level 1 of the Orcish Mines
 25705 | Orc:2    | Entered Level 2 of the Orcish Mines
 25715 | Orc:2    | Found Qeniphe's Jewellery Boutique.
 26886 | Orc:1    | Reached skill level 15 in Dodging
 27313 | Orc:2    | Paralysed by an ogre mage for 3 turns
 27315 | Orc:2    | Shot with a bolt by an orc warrior

Illustrated notes

Levels and vault maps discovered:
D:1:      dpeg_arrival_morbid_curiosity, layout_loops_ring,
          chequers_serial_rivers_micro_c, minmay_3d_cube
D:2:      layout_loops_cross, minmay_pentomino_p2, uniq_natasha
D:3:      layout_basic, lemuel_crystal_altar, minmay_splitting_lines,
          minmay_starry_boxes
D:4:      layout_basic, serial_shops, kennysheep_little_box,
          kennysheep_generic_room_3
D:5:      layout_rooms, nicolae_tso_besieged_by_evil,
          mainiacjoe_overflow_chevrons, minmay_misc_feat_tower,
          minmay_fountain_box
D:6:      layout_rooms, hellmonk_ghost_happy_afterlife
D:7:      layout_loops_ring, fedhas_altar_4, minmay_temple_entry_fiery
D:8:      layout_basic, chequers_temple_overflow_statue_of_worship
D:9:      layout_cave_pools, due_lair_maze_entry_diamond,
          nicolae_elemental_shop, uniq_psyche, uniq_amaemon
D:10:     layout_roguey, mainiacjoe_overflow_catwalk, grunt_ashenzari_visionary
          [grunt_ashenzari_visionary_swamp, grunt_ashenzari_visionary_spider],
          erik_orc_3
D:11:     nzn_winding_woodlands_stair_cross [nzn_winding_woodlands_5x15_crooked,
          nzn_winding_woodlands_center_diamonds,
          nzn_winding_woodlands_5x15_cabin,
          nzn_winding_woodlands_5x5_checkerboard,
          nzn_winding_woodlands_hourglass,
          nzn_winding_woodlands_5x15_split_checker,
          nzn_winding_woodlands_center_garden,
          nzn_winding_woodlands_5x15_lazy_stream], layout_basic
D:12:     minmay_expanding_circles, layout_basic, serial_curves, eino_curves_01,
          eino_curves_04, eino_curves_03, eino_curves_03
D:13:     layout_rooms, erik_vaults_2, hellmonk_guarded_unrand_night
Temple:   eino_temple_lava
Lair:1:   layout_misc_corridors
Lair:2:   layout_gridlike, chequers_serial_rivers_large_b
Lair:3:   layout_gridlike, skrybe_swamp_entry_bodies, dummy_spider_entry,
          minmay_lindwurm_lava
Lair:4:   layout_cave_pods, minmay_slime_entry_pillars
Lair:5:   gammafunk_lair_ancient_temple, layout_gridlike, ebering_ghost_xom,
          uniq_sonja, uniq_kirke, uniq_rupert
Orc:1:    layout_diamond_mine
Orc:2:    pf_orc_diabolical, layout_diamond_mine, serial_shops,
          nicolae_shop_stone, hellmonk_bongcloud_opening

Skill      XL: |  1  2  3  4  5  6  7  8  9 10 11 12 13 14 15 |
---------------+----------------------------------------------+-----
Summonings     | 5 6 7 8 10 12 14 16 | 16.0
Spellcasting   | 3 4 5 7 8 10 12 | 12.2
Air Magic      | 2 4 5 |  5.0
Fighting       | 7 10 13 | 13.7
Dodging        | 8 11 14 15 | 15.0
Stealth        | |  2.0

Action                     |  1- 3 |  4- 6 |  7- 9 | 10-12 | 13-15 || total
---------------------------+-------+-------+-------+-------+-------++-------
  Melee: Unarmed           |    20 |    14 |    65 |    45 |       ||   144
         Kick              |     5 |     3 |    25 |    19 |    47 ||    99
         Peck              |     2 |     5 |     8 |     7 |    21 ||    43
         Punch             |       |       |       |     2 |     2 ||     4
         Trident           |       |       |       |     2 |   119 ||   121
   Cast: Summon Small Mamm |    27 |    23 |    24 |    29 |    50 ||   153
         Call Imp          |     8 |    11 |    14 |    13 |    28 ||    74
         Call Canine Famil |     9 |    18 |    39 |    52 |    87 ||   205
         Summon Lightning  |       |     1 |     7 |    37 |    92 ||   137
         Summon Guardian G |       |       |    12 |    54 |   107 ||   173
         Airstrike         |       |       |     1 |       |       ||     1
 Invoke: Call Merchant     |       |       |       |       |     5 ||     5
    Use: Potion            |     1 |     5 |       |       |     1 ||     7
         Scroll            |       |     8 |     5 |     8 |     9 ||    30
   Stab: Distracted        |     1 |     1 |     1 |     1 |     3 ||     7
         Betrayed ally     |       |       |       |       |     1 ||     1
 Armour: Robe              |    17 |     7 |    26 |    17 |    51 ||   118
         Skin              |       |     1 |       |       |       ||     1
  Dodge: Dodged            |    52 |    30 |    87 |    79 |   319 ||   567

Table legend: (Time is in decaauts)
 A = Elapsed time spent in this place.
 B = Non-inter-level travel time spent in this place.
 C = Inter-level travel time spent in this place.
 D = Time resting spent in this place.
 E = Time spent auto-exploring this place.
 F = Levels seen in this place.
 G = Mean time per level.
                   A        B        C        D        E       F      G
               +--------+--------+--------+--------+--------+-----+--------+
         Total |  26170 |  25108 |   1062 |   5179 |  14180 |  21 | 1246.2 |
       Dungeon |  16301 |  15445 |    856 |   3059 |   8706 |  13 | 1253.9 |
        Temple |     13 |      7 |      6 |      0 |      0 |   1 |   13.0 |
          Lair |   8248 |   8121 |    127 |   1506 |   4805 |   5 | 1649.6 |
  Orcish Mines |   1606 |   1534 |     72 |    612 |    668 |   2 |  803.0 |
               +--------+--------+--------+--------+--------+-----+--------+

Top non-repeatable levels by time:
  Lair:3: 2571 daAuts
    D:11: 2446 daAuts
  Lair:5: 2216 daAuts
    D:12: 2086 daAuts
    D:10: 1713 daAuts
   Orc:1: 1498 daAuts
  Lair:4: 1425 daAuts
     D:1: 1414 daAuts
     D:5: 1317 daAuts
     D:2: 1227 daAuts
     D:4: 1190 daAuts
  Lair:2: 1177 daAuts
     D:6: 1145 daAuts
     D:7: 1142 daAuts
     D:3: 959 daAuts
